 Dungeon Crawl Stone Soup version 0.19.5 (webtiles) character file.

42 Gargoyl the Skirmisher (level 3, -1/31 HPs)
             Began as a Ghoul Abyssal Knight on Apr 19, 2017.
             Was a Follower of Lugonu.
             Slain by an ogre
             ... wielding a +0 giant spiked club
              (12 damage)
             ... on level 4 of the Dungeon.
             The game lasted 00:02:39 (1580 turns).

Gargoyl the Skirmisher (Ghoul Abyssal Knight)       Turns: 1580, Time: 00:02:39

Health: -1/31      AC: 12    Str: 15    XL:     3   Next: 54%
Magic:  4/4        EV:  4    Int:  7    God:    Lugonu [*.....]
Gold:   158        SH:  0    Dex: 12    Spells: 0 memorised, 2 levels left

rFire  . . .     SeeInvis .     a - +1 hand axe
rCold  + . .     Gourm    .     q - +0 plate armour
rNeg   + + +     Faith    .     (no shield)
rPois  ∞         Spirit   .     (no helmet)
rElec  .         Reflect  .     (no cloak)
rCorr  .         Harm     .     d - +0 pair of gloves {Dex+3}
MR     .....                    (no boots)
Stlth  ..........               (no amulet)
                                (no ring)
                                (no ring)

@: rotting
A: rotting body, claws 1, carnivore 3, cold resistance 1, negative energy
resistance 3, slow regeneration 1, torment resistance, unbreathing
a: Depart the Abyss, Renounce Religion


You were on level 4 of the Dungeon.
You worshipped Lugonu.
Lugonu was aware of your devotion.
You were not hungry.

You visited 1 branch of the dungeon, and saw 3 of its levels.
You visited the Abyss 1 time.

You collected 158 gold pieces.

Inventory:

Hand Weapons
 a - a +1 hand axe (weapon)
Armour
 d - a +0 pair of gloves of dexterity (worn)
 q - a +0 plate armour (worn)
Scrolls
 i - a scroll of identify
 j - a scroll of remove curse
 k - a scroll of enchant weapon {unknown}
Potions
 b - 3 potions of lignification {unknown}
 e - a potion of curing {unknown}
 f - a potion of might {unknown}
 g - a potion of flight {unknown}
Comestibles
 c - 2 meat rations
 m - a beef jerky


   Skills:
 + Level 3.6 Fighting
 + Level 2.2 Axes
 * Level 2.1 Armour
 + Level 1.1 Dodging
 * Level 2.7 Invocations


You had 2 spell levels left.
You didn't know any spells.

Dungeon Overview and Level Annotations

Branches:
Dungeon (2/15)

Altars:


Innate Abilities, Weirdness & Mutations

Your body is rotting away.
You thrive on raw meat.
You are immune to poison.
You have sharp fingernails.
You are carnivorous and can eat meat at any time.
Your flesh is cold resistant. (rC+)
You are immune to negative energy. (rN+++)
You regenerate slowly when monsters are visible.
You are immune to unholy pain and torment.
You can survive without breathing.


Message History

Lugonu accepts your kill.
You see here an enchanted dagger.
Eating a chunk of flesh.
You start eating the chunk of flesh.
You feel more resilient.
This raw flesh tastes great!
You see here a whip.
Found 17 arrows.
Found a scale mail.
You see here 17 arrows.
You fall through a shaft for 2 floors!
The shaft crumbles and collapses.
An ogre comes into view. It is wielding a giant spiked club.
The ogre shouts!
You slash the ogre!
The ogre is moderately wounded.
The ogre hits you with a giant spiked club!!
Ouch! That really hurt!
You hit the ogre.
The ogre is moderately wounded.
The ogre hits you with a giant spiked club!
You die...

### #.. #.# ######
#O# #....#
#@########.##.#
#.............#
################.####
.................#
.###############.#
###


You could see an ogre.

Vanquished Creatures
  2 adders (D:2)
  A worm (D:2)
  2 dart slugs
  2 giant cockroaches
  3 bats
  4 frilled lizards
  6 kobolds
  3 rats
23 creatures vanquished.

Notes
Turn   | Place    | Note
-------+----------+-------------------------------------------
     0 | Abyss:1  | Gargoyl the Ghoul Abyssal Knight began the quest for the Orb.
     0 | Abyss:1  | Reached XP level 1. HP: 19/19 MP: 1/1
    19 | Abyss:2  | Identified a scroll of acquirement
    58 | Abyss:2  | Noticed a thrashing horror
    59 | D:1      | Escaped the Abyss
   251 | D:1      | Reached XP level 2. HP: 26/26 MP: 2/2
   299 | D:1      | Reached skill level 1 in Dodging
   989 | D:2      | Reached XP level 3. HP: 16/31 MP: 3/3
  1077 | D:2      | Reached * piety under Lugonu
  1553 | D:2      | You fall through a shaft for 2 floors!
  1577 | D:4      | Noticed an ogre
  1580 | D:4      | Slain by an ogre

Skill      XL: |  1  2 |
---------------+-------+-----
Armour         | 2 |  2.1
Dodging        | 1 |  1.1
Axes           | 2 |  2.2
Fighting       | |  3.6
Invocations    | |  2.7

Action                   || total
-------------------------++-------
Melee: Hand axe          ||    78
Invok: Depart the Abyss  ||     1
  Use: Scroll            ||    10
  Eat: Chunk             ||     9
Armor: Leather armour    ||     6
       Plate armour      ||    48
Dodge: Dodged            ||    27
